 Dungeon Crawl Stone Soup version 0.27.1-34-g3ba077fa99 (webtiles) character file.

Game seed: 10459008192257671820

9512 KrombopulosMichael the Spear-Bearer (level 11, -6/136 HPs)
             Began as a Formicid Abyssal Knight on Jan 19, 2022.
             Was an Elder of Lugonu.
             Mangled by Sonja (7 damage)
             ... on level 10 of the Dungeon.
             The game lasted 00:29:07 (12434 turns).

KrombopulosMichael the Spear-Bearer (FoAK)         Turns: 12434, Time: 00:29:08

Health: -6/136     AC: 25    Str: 18    XL:     11   Next: 75%
Magic:  13/18      EV:  2    Int: 11    God:    Lugonu [****..]
Gold:   75         SH:  0    Dex: 13    Spells: 11/12 levels left

rFire    . . .     SeeInvis .   d - +8 trident (freeze)
rCold    . . .     Faith    .   (no shield)
rNeg     + + +     Spirit   .   (armour currently unavailable)
rPois    +         Reflect  .   (helmet unavailable)
rElec    .         Harm     .   (cloak currently unavailable)
rCorr    .         Rampage  .   (gloves currently unavailable)
Will     +....     Clarity  +   (boots currently unavailable)
Stlth    ++........             (no amulet)
HPRegen  0.32/turn              g - +4 ring of evasion
MPRegen  0.16/turn              i - +4 ring of slaying

@: tree-form
A: stationary, stasis, torment immunity, boosted hp, permanent stasis, dig
shafts and tunnels, (antennae 3), four strong arms, clarity
a: Renounce Religion, Depart the Abyss, Bend Space, Banish, Corrupt


You were on level 10 of the Dungeon.
You worshipped Lugonu.
Lugonu was greatly pleased with you.
You were a tree.
You visited 2 branches of the dungeon, and saw 11 of its levels.
You visited the Abyss 2 times.

You collected 511 gold pieces.
You spent 436 gold pieces at shops.

Inventory:

Hand Weapons
 a - a +1 spear
 d - a +8 trident of freezing (weapon)
 x - the +8 short sword of the Throat {venom, +Blink rElec SInv Stlth+}
   (You found it on level 9 of the Dungeon)

   It poisons the flesh of those it strikes.
   rElec:     It insulates you from electricity.
   SInv:      It lets you see invisible.
   +Blink:    It lets you blink.
   Stlth:     It makes you more stealthy.
 C - a +4 glaive of flaming
Missiles
 l - 5 silver javelins
Armour
 c - a +0 pair of gloves of strength (melded)
 w - +0 steam dragon scales
 y - a +0 chain mail of cold resistance (melded)
Jewellery
 e - a ring of fire
 g - a +4 ring of evasion (left branch)
 i - a +4 ring of slaying (right branch)
 m - an amulet of faith
 q - a +4 ring of evasion
Wands
 r - a wand of acid (8)
 t - a wand of iceblast (4)
Scrolls
 f - a scroll of magic mapping
 h - a scroll of silence
 j - 2 scrolls of immolation
 k - a scroll of amnesia
 s - 2 scrolls of vulnerability
 u - a scroll of torment
 v - 5 scrolls of identify
Potions
 b - 6 potions of brilliance
 n - a potion of lignification
 o - a potion of flight
 p - 2 potions of attraction
 z - a potion of might


   Skills:
 * Level 10.2 Fighting
 + Level 10.5 Polearms
 + Level 0.4 Throwing
 + Level 6.7 Armour
 + Level 3.7 Dodging
 + Level 2.5 Stealth
 + Level 1.0 Spellcasting
 + Level 0.4 Conjurations
 * Level 10.2 Invocations
 + Level 0.1 Evocations


You had 11 spell levels left.
You knew the following spells:

 Your Spells              Type           Power      Damage    Failure   Level
a - Magic Dart            Conj           4%         1d3       26%         1

Your spell library contained the following spells:

 Spells                   Type           Power      Damage    Failure   Level
 Shock                    Conj/Air       4%         1d3       28%         1
 Call Imp                 Summ           0%         N/A       43%         2
 Dazzling Flash           Conj/Hex       2%         N/A       65%         3
 Mephitic Cloud           Conj/Pois/Air  0%         N/A       65%         3
 Ozocubu's Armour         Ice            0%         N/A       67%         3
 Fulminant Prism          Conj/Hex       0%         3d6       96%         4
 Airstrike                Air            0%         N/A       97%         4
 Metabolic Englaciation   Hex/Ice        0%         N/A       100%        5
 Summon Forest            Summ/Tloc      0%         N/A       100%        5
 Summon Mana Viper        Hex/Summ       0%         N/A       100%        5
 Shadow Creatures         Summ           N/A        N/A       100%        6
 Simulacrum               Ice/Necr       0%         N/A       100%        6
 Swiftness                Air            Unusable   N/A       N/A         3

Dungeon Overview and Level Annotations

Branches:
Dungeon (10/15)            Temple (1/1) D:6            Lair (0/6) D:10
    Orc (0/2) D:9

Altars:
Ashenzari
Cheibriados
Dithmenos
Elyvilon
Fedhas
Gozag
Hepliaklqana
Kikubaaqudgha
Makhleb
Nemelex Xobeh
Okawaru
Qazlal
Ru
Sif Muna
Trog
Uskayaw
Vehumet
Wu Jian
Xom
Yredelemnul
Zin
The Shining One

Shops:
D:2 (((?   D:9 !

Annotations:
D:10 Sonja


Innate Abilities, Weirdness & Mutations

You are a tree.
Your roots penetrate the ground, keeping you stationary.
You cannot be teleported.
You are immune to unholy pain and torment.
Your maximum health is greatly increased.
Your equipment is partially melded.
You cannot be hasted, slowed, berserked, paralysed or teleported.
You can dig through walls and to a lower floor.
((You have a pair of large antennae on your head. (SInv)))
Your four strong arms can wield two-handed weapons with a shield.
You possess an exceptional clarity of mind.


Message History

Really quaff the potion of lignification?
You turn into a tree.
Your +0 pair of gloves of strength melds into your body.
Your +0 chain mail of cold resistance melds into your body.
You feel weaker.
You feel less resistant to cold.
Your roots penetrate the ground.
Unknown command.
Unknown command.
You start resting.
Sonja is nearby!
You miss Sonja. Sonja hits you but does no damage. x2
Sonja hits you with a +1 short sword of distortion.
Space warps horribly around you!
Unknown command.
You hit Sonja. You freeze Sonja.
Sonja is lightly wounded.
Sonja hits you with a +1 short sword of distortion.
Sonja hits you but does no damage. Space bends around you.
* * * LOW HITPOINT WARNING * * *
Sonja hits you with a +1 short sword of distortion.
* * * LOW HITPOINT WARNING * * *
Space warps horribly around you!!
* * * LOW HITPOINT WARNING * * *
Okay, then.
You puncture Sonja! You freeze Sonja.
Sonja is severely wounded.
Sonja hits you but does no damage. You resist the pull of the Abyss.
Sonja hits you with a +1 short sword of distortion.
* * * LOW HITPOINT WARNING * * *
Space bends around you.
* * * LOW HITPOINT WARNING * * *
Sonja hits you but does no damage. Space bends around you.
* * * LOW HITPOINT WARNING * * *
Unknown command.
Unknown command.
You miss Sonja.
Sonja is severely wounded.
Sonja shouts, "Too slow!"
Sonja hits you but does no damage. x2; Space warps horribly around you!
You die...

..............#
.......K......#
..............#
§.............#
..............{.#############
.............................
.....#########.###..........
#...# ##K##.......... #...#
#♣###..........
####...##########.##..........
...................).)).......
..............................
#####..................#######
#.###############..# #.# #..#
#.# #..# #.# #>.#


You could see Sonja.

Vanquished Creatures
  Urug (D:10)
  The ghost of iwittbrodt the Magician, a novice GnWr of Makhleb (D:6)
  Pikel (D:5)
  An elephant (D:10)
  A kobold demonologist (D:8)
  3 shadows (D:9)
  A wyvern (D:10)
  Eustachio (D:5)
  2 steam dragons
  2 basilisks
  2 water moccasins
  2 sky beasts
  2 black bears
  3 orc warriors
  2 necrophages
  2 ogres
  2 centaurs
  A phantom (D:6)
  12 kobold brigands
  A bullfrog (D:7)
  2 gnoll sergeants
  4 scorpions
  A wyvern zombie (D:7)
  A troll zombie (D:9)
  4 killer bees (D:9)
  4 wights (D:9)
  5 howler monkeys
  4 centaur zombies
  3 bullfrog zombies
  3 orc priests
  5 hounds
  An iguana (D:4)
  7 orc wizards
  5 ogre zombies (D:9)
  2 hound skeletons (D:5)
  27 gnolls
  A howler monkey zombie (D:5)
  15 adders
  3 shadow imps
  2 white imps (D:6)
  An ufetubus (D:6)
  An adder skeleton (D:4)
  2 worms (D:2)
  2 dart slugs
  17 orcs
  10 endoplasms
  5 giant cockroaches
  34 goblins
  26 hobgoblins
  2 quokkas
  6 ball pythons
  9 bats
  A goblin skeleton (D:9)
  4 goblin zombies (D:9)
  A hobgoblin skeleton (D:9)
  A hobgoblin zombie (D:9)
  13 kobolds
  12 orc zombies (D:9)
  6 rats
295 creatures vanquished.

Notes
Turn   | Place    | Note
-------+----------+-------------------------------------------
     0 | Abyss:1  | KrombopulosMichael the Formicid Abyssal Knight began the
                  | quest for the Orb.
     0 | Abyss:1  | Reached XP level 1. HP: 18/18 MP: 2/2
    54 | Abyss:1  | Noticed a bone dragon
    55 | Abyss:1  | Noticed a large abomination
    58 | Abyss:1  | Noticed a hell knight
    59 | D:1      | Escaped the Abyss
   490 | D:1      | Reached XP level 2. HP: 24/24 MP: 3/3
   518 | D:1      | Reached * piety under Lugonu
   695 | D:1      | Reached XP level 3. HP: 29/30 MP: 4/4
  1088 | D:2      | Found Qiru Wats's Antique Weapon Shop.
  1229 | D:2      | Found Pyaveon's Antique Weapon Shop.
  1247 | D:2      | Found Ruqabb's Antique Weapon Shop.
  1273 | D:2      | Reached ** piety under Lugonu
  1286 | D:2      | Identified a scroll of acquirement
  1286 | D:2      | Acquired a +0 pair of gloves of strength
  1327 | D:2      | Reached XP level 4. HP: 37/37 MP: 5/5
  1524 | D:2      | Found Etib's Magic Scroll Emporium.
  1633 | D:2      | Reached skill level 1 in Dodging
  2014 | D:3      | Reached XP level 5. HP: 35/42 MP: 7/7
  2429 | D:3      | Found a faded altar of an unknown god.
  2558 | D:3      | Reached XP level 6. HP: 41/49 MP: 8/8
  3647 | D:3      | Reached *** piety under Lugonu
  3855 | D:3      | Reached XP level 7. HP: 29/55 MP: 9/9
  4076 | D:3      | Reached **** piety under Lugonu
  4373 | D:4      | Reached skill level 5 in Fighting
  4373 | D:4      | Reached skill level 1 in Stealth
  4475 | D:4      | Reached skill level 5 in Polearms
  4487 | D:4      | Gained mutation: You occasionally shout uncontrollably at
                  | your foes. [potion of mutation]
  4487 | D:4      | Gained mutation: Your muscles are strong. (Str +2) [potion
                  | of mutation]
  4487 | D:4      | Gained mutation: You possess an exceptional clarity of
                  | mind. [potion of mutation]
  4995 | D:4      | Reached XP level 8. HP: 45/63 MP: 11/11
  5677 | D:2      | Bought a runed trident for 156 gold pieces
  5767 | D:5      | Entered Level 5 of the Dungeon
  5807 | D:5      | Reached skill level 5 in Invocations
  6414 | D:5      | Noticed Pikel
  6424 | D:5      | Killed Pikel
  6425 | D:5      | Reached XP level 9. HP: 63/71 MP: 11/13
  6528 | D:5      | Reached skill level 5 in Armour
  6559 | D:5      | Noticed Eustachio
  6615 | D:5      | Killed Eustachio
  6615 | D:5      | Reached ***** piety under Lugonu
  7246 | D:6      | Found a large runed translucent door.
  7246 | D:6      | Found a large runed translucent door.
  7256 | D:6      | Learned a level 1 spell: Magic Dart
  7256 | D:6      | Noticed iwittbrodt's ghost (novice GnWr)
  7791 | D:6      | Found a staircase to the Ecumenical Temple.
  7964 | D:7      | Got the Incunabulum of Confrontation
  8089 | D:7      | Found a stormy altar of Qazlal.
  8201 | D:7      | Reached XP level 10. HP: 79/80 MP: 14/14
  8604 | D:2      | Bought a scroll of fear for 49 gold pieces
  8604 | D:2      | Bought a scroll of torment for 105 gold pieces
  8604 | D:2      | Bought a scroll of identify for 28 gold pieces
  8961 | D:8      | Noticed a kobold demonologist
  8995 | D:8      | Killed a kobold demonologist
  9024 | D:8      | Reached skill level 1 in Spellcasting
  9071 | D:8      | HP: 4/82 [kobold brigand (7)]
  9412 | D:8      | Lost mutation: You possess an exceptional clarity of mind.
                  | [potion of mutation]
  9412 | D:8      | Lost mutation: You occasionally shout uncontrollably at
                  | your foes. [potion of mutation]
  9412 | D:8      | Lost mutation: Your muscles are strong. (Str +2) [potion of
                  | mutation]
  9412 | D:8      | Gained mutation: You possess an exceptional clarity of
                  | mind. [potion of mutation]
 10031 | D:8      | Noticed a boulder beetle
 10044 | D:8      | Banished a boulder beetle
 10629 | D:6      | Killed iwittbrodt's ghost
 10630 | D:6      | Reached XP level 11. HP: 69/89 MP: 17/17
 10678 | Temple   | Entered the Ecumenical Temple
 10961 | D:9      | Noticed a two-headed ogre
 10962 | D:9      | Banished a two-headed ogre
 11147 | D:9      | Identified the +8 short sword of the Throat {venom, +Blink
                  | rElec SInv Stlth+}
 11237 | D:9      | Found a staircase to the Orcish Mines.
 11307 | D:9      | Reached skill level 10 in Polearms
 11533 | D:9      | Found Mipukk's Distillery.
 11543 | D:9      | Bought a potion of might for 56 gold pieces
 11543 | D:9      | Bought a potion of curing for 42 gold pieces
 11929 | D:10     | Entered Level 10 of the Dungeon
 11969 | D:10     | Reached skill level 10 in Invocations
 11971 | D:10     | Noticed an elephant
 11972 | D:10     | Found a staircase to the Lair.
 11991 | D:10     | Killed an elephant
 11992 | D:10     | Reached skill level 10 in Fighting
 12050 | D:10     | Noticed Urug
 12055 | D:10     | Killed Urug
 12358 | D:10     | Noticed Sonja
 12372 | D:10     | Cast into level 2 of the Abyss (Sonja)
 12428 | D:10     | Escaped the Abyss
 12433 | D:10     | HP: 4/136 [Sonja (3)]
 12433 | D:10     | HP: 1/136 [Sonja (3)]
 12434 | D:10     | Mangled by Sonja

Illustrated notes

Levels and vault maps discovered:
D:1:      ncdulo_halloftheorcs, layout_basic, serial_corexii_hall,
          chequers_hall_statues_y, corexii_hall_statues_i,
          chequers_hall_statues_y, chequers_hall_statues_corner_a,
          chequers_hall_statues_y, corexii_hall_statues_i
D:2:      layout_basic, serial_shops, nicolae_shop_stone, shop,
          nicolae_shop_trees, nicolae_shop_window_shopping
D:3:      minmay_goblin_kobold_castle, layout_rooms,
          hellmonk_ecumenical_altar_arch_garden, st_stairs_4,
          corexii_leaking_fountain, hangedman_abyss_or_decor_lesser_grid,
          wad_orctagon
D:4:      layout_loops_cross
D:5:      layout_rooms, uniq_pikel, uniq_eustachio
D:6:      layout_basic, minmay_temple_entry_from_below_b,
          ebering_ghost_disaster_area, nicolae_benzene_ring,
          minmay_misc_feat_cross
D:7:      layout_loops_ring, grunt_qazlal_sundering
D:8:      layout_cave_pools, special_room [special_room_kobold]
D:9:      layout_roguey, zombieorc1_lemuel, serial_shops, shop
D:10:     layout_long_grid, david_lair_generic, hangedman_glass_teeth,
          uniq_gastronok, uniq_urug, uniq_sonja, uniq_nergalle
Temple:   minmay_crystal_snake_temple

Skill      XL: |  1  2  3  4  5  6  7  8  9 10 11 |
---------------+----------------------------------+-----
Fighting       | 4 5 6 8 9 10 | 10.2
Polearms       | 3 4 5 7 8 9 10 | 10.5
Dodging        | 1 2 3 |  3.7
Invocations    | 3 4 5 6 8 10 | 10.2
Armour         | 3 4 5 6 |  6.7
Stealth        | 1 2 |  2.5
Spellcasting   | 1 |  1.0
Throwing       | |  0.4
Conjurations   | |  0.4
Evocations     | |  0.1

Action                   |  1- 3 |  4- 6 |  7- 9 | 10-12 || total
-------------------------+-------+-------+-------+-------++-------
Melee: Spear             |   115 |   294 |   205 |       ||   614
       Trident           |       |       |   208 |   330 ||   538
Throw: Throwing net      |       |       |     4 |       ||     4
 Cast: Magic Dart        |       |       |     1 |     4 ||     5
Invok: Depart the Abyss  |     1 |       |       |     1 ||     2
       Banish            |       |       |       |     6 ||     6
       Bend Space        |       |       |       |     1 ||     1
 Abil: Dig               |     7 |    14 |     5 |    18 ||    44
Evoke: Wand              |       |       |       |     4 ||     4
  Use: Potion            |     4 |     5 |     2 |     9 ||    20
       Scroll            |     6 |     2 |     9 |     2 ||    19
 Stab: Sleeping          |     1 |       |       |       ||     1
       Invisible         |     1 |       |       |       ||     1
       Held in net/web   |       |       |     1 |       ||     1
Armor: Skin              |     7 |    11 |       |     7 ||    25
       Leather armour    |    16 |    26 |       |       ||    42
       Ring mail         |       |    18 |    87 |    11 ||   116
       Chain mail        |       |       |       |    47 ||    47
       Steam dragon scal |       |       |       |     2 ||     2
Dodge: Dodged            |    54 |   158 |   233 |   168 ||   613
